 Dungeon Crawl Stone Soup version 0.29.1-1-gd02db6906a (webtiles) character file.

Game seed: 10975916660892819291

30 fireball365 the Digger (level 2, -2/20 HPs)
             Began as a Demigod Earth Elementalist on Oct 4, 2022.
             Slain by an adder (3 damage)
             ... on level 2 of the Dungeon.
             The game lasted 00:10:55 (1439 turns).

fireball365 the Digger (Demigod Earth Elementalist) Turns: 1439, Time: 00:10:56

Health: -2/20      AC:  0    Str:  9    XL:     2   Next: 87%
Magic:  2/7        EV: 12    Int: 17    God:
Gold:   57         SH:  0    Dex: 14    Spells: 4/5 levels left

rFire   . . .      SeeInvis .   (no weapon)
rCold   . . .      Faith    .   (no shield)
rNeg    . . .      Spirit   .   (no body armour)
rPois   .          Reflect  .   (no helmet)
rElec   .          Harm     .   (no cloak)
rCorr   .          Rampage  .   (no gloves)
Will    .....                   (no boots)
Stlth   ++........              (no amulet)
HPRegen 0.06/turn               (no ring)
MPRegen 0.10/turn               (no ring)

@: very slightly contaminated
A: high MP 1, forlorn, divine attributes
a: no special abilities


You were on level 2 of the Dungeon.
You visited 1 branch of the dungeon, and saw 2 of its levels.

You collected 57 gold pieces.

Inventory:

Hand Weapons
 d - a +0 short sword
 g - a +0 sling
 j - a +0 club
 k - a +0 whip
 l - a +0 short sword
 n - a +0 club
Missiles
 e - 8 stones
 f - 6 poisoned darts
Armour
 a - a +0 robe
 m - a +0 leather armour
 o - a +1 chain mail
Scrolls
 b - a scroll of identify
 h - 2 scrolls of magic mapping
Potions
 c - 3 potions of invisibility
 i - a potion of might {unknown}


   Skills:
 + Level 0.1 Fighting
 + Level 2.0 Dodging
 + Level 1.8 Stealth
 + Level 2.2 Spellcasting
 + Level 0.8 Transmutations
 + Level 3.3 Earth Magic


You had 4 spell levels left.
You knew the following spells:

 Your Spells              Type           Power      Damage    Failure   Level
a - Sandblast             Erth           26%        2d8       4%          1

Your spell library contained the following spells:

 Spells                   Type           Power      Damage    Failure   Level
 Passwall                 Tmut/Erth      7%         N/A       12%         2
 Stone Arrow              Conj/Erth      14%        3d7       28%         3
 Petrify                  Tmut/Erth      9%         N/A       61%         4


Dungeon Overview and Level Annotations

Branches:
Dungeon (2/15)


Innate Abilities, Weirdness & Mutations

You have an increased reservoir of magic. (+10% MP)
You shall have no god before yourself.
Your divine heritage dramatically boosts your attributes as you level up.


Message History

[Y]es or [N]o only, please.
Keep disrobing? [Y]es or [N]o only, please.
Keep disrobing? [Y]es or [N]o only, please.
Keep disrobing? [Y]es or [N]o only, please.
Keep disrobing? [Y]es or [N]o only, please.
Keep disrobing?
You start removing your armour.
You continue taking off your +1 chain mail.
The adder bites you but does no damage.
You continue taking off your +1 chain mail.
The adder bites you but does no damage. x2
You continue taking off your +1 chain mail.
The adder bites you but does no damage.
You continue taking off your +1 chain mail.
The adder bites you but does no damage.
You finish taking off your +1 chain mail.
The adder bites you. The adder closely misses you.
The adder closely misses you. The adder attacks as you move away!
The adder barely misses you. The adder bites you.
* * * LOW HITPOINT WARNING * * *
The adder attacks as you move away! The adder completely misses you.
The adder closely misses you.
You are too injured to fight recklessly!
Casting: Sandblast (safe; 4% risk of failure)
Confirm with . or Enter, or press ? or * to list all spells.
Aiming: Sandblast (safe; 4% risk of failure)
Press: ? - help, Shift-Dir - straight line, f/p - adder
Aim: an adder (70% to hit)
The blast of sand hits the adder.
The adder is severely wounded.
The adder bites you.
* * * LOW HITPOINT WARNING * * *
The adder bites you.
You die...

##.#.###.# #.#
.........# #.#
.###.##.## #.#
. #.##.# #.#
#.##.# #.#
#.##.# #.#
..##.# #.#
####.# #.# #.#
#@# #S# # #.#
#.. #.#
....<########.#
..............#
........#######
#.>.###.# ##.
#.#


You could see an adder.

Vanquished Creatures
  A gnoll (D:1)
  3 bats
  An endoplasm (D:1)
  2 goblins
  2 hobgoblins (D:1)
  3 jackals (D:1)
  A kobold (D:1)
  2 frilled lizards (D:1)
  5 rats (D:1)
20 creatures vanquished.

Notes
Turn   | Place    | Note
-------+----------+-------------------------------------------
     0 | D:1      | fireball365 the Demigod Earth Elementalist began the quest
                  | for the Orb.
     0 | D:1      | Reached XP level 1. HP: 14/14 MP: 5/5
   407 | D:1      | Reached skill level 3 in Earth Magic
   667 | D:1      | Reached XP level 2. HP: 18/20 MP: 5/7
  1439 | D:2      | HP: 1/20 [adder (4)]
  1439 | D:2      | Slain by an adder

Illustrated notes

Levels and vault maps discovered:
D:1:      saegor_arrival_simple_b, layout_loops_corners,
          corexii_item_surrounded_by_moat
D:2:      layout_loops_ring, uniq_robin, uniq_jessica, uniq_terence

Skill      XL: |  1  2 |
---------------+-------+-----
Earth Magic    | 3 |  3.3
Dodging        | 2 |  2.0
Spellcasting   | 2 |  2.2
Fighting       | |  0.1
Stealth        | |  1.8
Transmutations | |  0.8

Action                   || total
-------------------------++-------
Melee: Unarmed           ||     9
       Whip              ||    28
 Cast: Sandblast         ||    27
  Use: Potion            ||     1
       Scroll            ||     4
Armor: Robe              ||     7
       Chain mail        ||    42
Dodge: Dodged            ||    47
